 Dungeon Crawl Stone Soup version 0.28-a0-643-g84cb2ea78e (webtiles) character file.

Game seed: 436818056502127359

4696 lawman0 the Cleaver (level 10, -1/81 HPs)
             Began as a Palentonga Berserker on Oct 10, 2021.
             Was an Elder of Trog.
             Killed from afar by an orc wizard (2 damage)
             ... with a magic dart
             ... on level 9 of the Dungeon.
             The game lasted 00:12:05 (9395 turns).

lawman0 the Cleaver (Palentonga Berserker)          Turns: 9395, Time: 00:12:05

Health: -1/81      AC: 20    Str: 21    XL:     10   Next: 21%
Magic:  10/10      EV:  6    Int:  7    God:    Trog [****..]
Gold:   69         SH:  0    Dex: 13    Spells: 9/9 levels left

rFire   + . .      SeeInvis +   j - +0 war axe
rCold   + . .      Faith    .   (no shield)
rNeg    . . .      Spirit   .   D - +0 chain mail {rC+}
rPois   .          Reflect  .   g - +1 hat
rElec   .          Harm     .   (no cloak)
rCorr   .          Rampage  .   e - +2 pair of gloves
Will    +....                   (no barding)
Stlth   ..........              F - amulet of the acrobat
HPRegen 0.23/turn               q - ring of willpower
MPRegen 0.12/turn               x - ring of protection from fire

@: on berserk cooldown, slowed, curled up, very slow
A: large, rugged brown scales 3, see invisible, deformed body, roll 1, armoured
tail, reflexive curl
a: Rolling Charge, Renounce Religion, Berserk, Trog's Hand, Brothers in Arms


You were on level 9 of the Dungeon.
You worshipped Trog.
Trog was greatly pleased with you.
You visited 1 branch of the dungeon, and saw 9 of its levels.

You collected 504 gold pieces.
You spent 435 gold pieces at shops.

Inventory:

Hand Weapons
 j - a +0 war axe (weapon)
Missiles
 d - 4 atropa-tipped darts
 u - 100 bolts
 B - 24 poisoned darts
Armour
 e - a +2 pair of gloves (worn)
 g - a +1 hat (worn)
 D - a +0 chain mail of cold resistance (worn)
Jewellery
 q - a ring of willpower (left hand)
 x - a ring of protection from fire (right hand)
 F - an amulet of the acrobat (around neck)
 L - a ring of flight
Wands
 y - a wand of flame (2)
 E - a wand of digging (3)
 K - a wand of acid (8)
Scrolls
 c - 3 scrolls of magic mapping
 h - 4 scrolls of fog
 i - a scroll of holy word {unknown}
 k - 3 scrolls of noise {unknown}
 m - a scroll of summoning
 n - a scroll of brand weapon
 p - a scroll of vulnerability
 s - a scroll of enchant weapon
 t - a scroll of fear
 G - a scroll of immolation
 H - 2 scrolls of teleportation {unknown}
Potions
 a - a potion of heal wounds
 b - 5 potions of curing
 f - a potion of magic {unknown}
 l - a potion of invisibility {unknown}
 o - 4 potions of degeneration {unknown}
 r - 2 potions of brilliance
 v - 3 potions of flight {unknown}
 w - a potion of ambrosia {unknown}
 z - 2 potions of lignification
 A - 4 potions of mutation {unknown}
 I - a potion of haste {unknown}
 J - a potion of cancellation {unknown}


   Skills:
 + Level 5.8 Fighting
 * Level 12.2 Axes
 + Level 5.8 Armour
 + Level 2.9 Dodging
 + Level 1.0 Stealth
 + Level 1.1 Evocations


You had 9 spell levels left.
You didn't know any spells.
Your spell library was empty.

Dungeon Overview and Level Annotations

Branches:
Dungeon (9/15)             Temple (0/1) D:4
   Lair: D:8-11         Orc: D:9-12

Altars:
Okawaru
Ru
Uskayaw
Zin
The Shining One

Shops:
D:1 (   D:3 *   D:7 =   D:8 *


Innate Abilities, Weirdness & Mutations

You are completely covered in rugged brown scales. (AC +3, +7% HP)
You have supernaturally acute eyesight. (SInv)
Armour fits poorly on your strangely shaped body.
You can roll at nearby foes to attack.
You have a long armoured tail.
You curl defensively after being hit.


Message History

The two-headed ogre hits you with a +0 giant spiked club! x2
You slash the two-headed ogre!
Your tail-slap misses the two-headed ogre.
The two-headed ogre is severely wounded.
You are too injured to fight recklessly!
You slash the two-headed ogre! You tail-slap the two-headed ogre.
The two-headed ogre is almost dead.
An orc warrior comes into view. It is wielding a +0 scimitar.
The two-headed ogre hits you with a +0 giant spiked club!!
* * * LOW HITPOINT WARNING * * *
The two-headed ogre hits you but does no damage.
You are too injured to fight recklessly!
You slash the two-headed ogre!
You kill the two-headed ogre!
Trog accepts your kill.
Your Axes skill increases to level 12!
You are too injured to fight recklessly!
The orc warrior misses you.
An orc wizard comes into view. It is wielding a +0 dagger.
There is an open door, spattered with blood here.
Things that are here:
a +0 giant spiked club; a +0 giant spiked club You are too injured to fight recklessly!
You feel a strong urge to attack something.
The orc warrior hits you with a +0 scimitar!
* * * LOW HITPOINT WARNING * * *
Unknown command.
You are no longer berserk.
You are exhausted.
You feel yourself slow down.
There is an open door, spattered with blood here.
Things that are here:
a +0 giant spiked club; a +0 giant spiked club Unknown command.
Blink to where?
Press: ? - help, Dir - move target
As you read the scroll of blinking, it crumbles to dust.
The orc wizard casts a spell at you. The magic dart hits you.
You die...

.......#####†........###
.......##..†.........#..
.......'..##†........#o#
.......#####.........#.#
.......# #.........#o#
.......# #.......o§).#
.......# #.........###
######## #..(......# ###
#####@##### ..#
####...#### #.#
#.........# #)######
#.......>.### .......#
#...........# .......#
###.....<...#.# .......#
#...........# [......#
##.#.........# .......#
#..#.......>.#


You could see an orc warrior and an orc wizard.

Vanquished Creatures
  A two-headed ogre (D:9)
  An unseen horror (D:8)
  Maggie (D:6)
  A troll (D:8)
  Prince Ribbit (D:5)
  A vampire (D:9)
  The ghost of Deadpool446625 the Covered, an amateur HuFi of Hepliaklqana (D:3)
  Menkaure (D:7)
  An acid dragon (D:5)
  A sky beast (D:6)
  3 ice beasts
  A necrophage (D:5)
  2 orc warriors (D:8)
  An ogre (D:5)
  5 centaurs
  2 phantoms
  A kobold brigand (D:7)
  2 scorpions
  A bullfrog (D:7)
  2 water moccasin skeletons
  5 killer bees
  A crimson imp (D:6)
  2 howler monkeys
  A bullfrog zombie (D:5)
  3 centaur zombies
  4 hounds
  An orc priest (D:5)
  A centaur skeleton (D:6)
  A bullfrog skeleton (D:3)
  3 iguanas
  4 orc wizards
  5 adders
  A shadow imp (D:8)
  4 white imps
  2 ufetubi (D:5)
  2 dart slugs
  19 orcs
  7 endoplasms
  A giant cockroach (D:4)
  9 goblins
  10 hobgoblins
  6 jackals
  9 kobolds
  3 quokkas
  3 ball pythons
  4 bats
  3 frilled lizards
  A goblin skeleton (D:6)
  2 hobgoblin zombies (D:6)
  4 kobold zombies (D:6)
  2 orc skeletons (D:6)
  2 rats
155 creatures vanquished.

Vanquished Creatures (others)
  5 toadstools (D:3)
5 creatures vanquished.

Grand Total: 160 creatures vanquished

Notes
Turn   | Place    | Note
-------+----------+-------------------------------------------
     0 | D:1      | lawman0 the Palentonga Berserker began the quest for the
                  | Orb.
     0 | D:1      | Reached XP level 1. HP: 19/19 MP: 1/1
   294 | D:1      | Reached XP level 2. HP: 24/25 MP: 2/2
   325 | D:1      | Found Ofeiroto's Weapon Shoppe.
   913 | D:1      | Bought a +0 war axe for 49 gold pieces
  1091 | D:2      | Reached XP level 3. HP: 31/31 MP: 3/3
  1278 | D:2      | Reached ** piety under Trog
  1879 | D:3      | Reached skill level 4 in Axes
  2109 | D:3      | Found a runed translucent gate.
  2110 | D:3      | Found a runed translucent gate.
  2126 | D:3      | Found a runed translucent gate.
  2129 | D:3      | Noticed Deadpool446625's ghost (amateur HuFi)
  2158 | D:3      | Killed Deadpool446625's ghost
  2159 | D:3      | Reached skill level 5 in Axes
  2159 | D:3      | Reached XP level 4. HP: 32/37 MP: 4/4
  2159 | D:3      | Reached XP level 5. HP: 37/43 MP: 5/5
  2352 | D:3      | Reached XP level 6. HP: 45/50 MP: 6/6
  2717 | D:3      | Found Fonot's General Store.
  2725 | D:3      | Bought a scroll of identify for 22 gold pieces
  2725 | D:3      | Bought a potion of curing for 33 gold pieces
  2725 | D:3      | Bought a scroll of fear for 38 gold pieces
  2725 | D:3      | Bought a scroll of identify for 22 gold pieces
  3354 | D:4      | Reached skill level 6 in Axes
  3403 | D:4      | Found an iron altar of Okawaru.
  3406 | D:4      | Found a hide-covered altar of Uskayaw.
  3416 | D:4      | Found a sacrificial altar of Ru.
  3419 | D:4      | Found a glowing silver altar of Zin.
  4007 | D:4      | Found a staircase to the Ecumenical Temple.
  4222 | D:1      | Bought 17 bolts for 47 gold pieces
  4306 | D:5      | Entered Level 5 of the Dungeon
  4317 | D:5      | Gained mutation: You curl defensively after being hit.
                  | [Palentonga growth]
  4317 | D:5      | Reached XP level 7. HP: 51/56 MP: 7/7
  4324 | D:5      | Reached *** piety under Trog
  4325 | D:5      | Reached skill level 7 in Axes
  4835 | D:5      | Reached skill level 8 in Axes
  4856 | D:5      | Reached XP level 8. HP: 15/64 MP: 8/8
  5390 | D:5      | Noticed Prince Ribbit
  5418 | D:5      | Killed Prince Ribbit
  5839 | D:6      | Reached skill level 1 in Evocations
  5844 | D:6      | Found a glowing golden altar of the Shining One.
  5904 | D:6      | Reached skill level 9 in Axes
  6308 | D:6      | Noticed Maggie
  6322 | D:6      | Killed Maggie
  6541 | D:6      | Reached XP level 9. HP: 54/71 MP: 9/9
  7036 | D:7      | Reached skill level 10 in Axes
  7114 | D:7      | Found Riloril's Jewellery Shop.
  7746 | D:7      | Noticed Menkaure
  7752 | D:7      | Killed Menkaure
  7753 | D:7      | Reached skill level 5 in Fighting
  7754 | D:7      | Reached **** piety under Trog
  7887 | D:8      | Found Odyamav's General Store.
  7890 | D:8      | Bought a scroll of fog for 28 gold pieces
  7890 | D:8      | Bought a potion of lignification for 42 gold pieces
  7890 | D:8      | Bought a scroll of identify for 28 gold pieces
  7890 | D:8      | Bought a potion of brilliance for 56 gold pieces
  7890 | D:8      | Bought 25 bolts for 70 gold pieces
  8000 | D:8      | Noticed a troll
  8010 | D:8      | Killed a troll
  8021 | D:8      | Reached skill level 11 in Axes
  8021 | D:8      | Reached skill level 5 in Armour
  8239 | D:8      | Reached skill level 1 in Stealth
  8992 | D:9      | Noticed an unseen horror
  9064 | D:8      | Killed an unseen horror
  9065 | D:8      | Reached XP level 10. HP: 47/79 MP: 10/10
  9380 | D:9      | Noticed a two-headed ogre
  9390 | D:9      | Killed a two-headed ogre
  9391 | D:9      | Reached skill level 12 in Axes
  9392 | D:9      | HP: 1/121 [orc warrior (8)]
  9395 | D:9      | Killed from afar by an orc wizard

Illustrated notes

Levels and vault maps discovered:
D:1:      dpeg_arrival_court, layout_rooms, serial_shops,
          nicolae_shop_temple_entry_statues_fountains
D:2:      layout_basic, minmay_tetromino_s4
D:3:      layout_basic, gammafunk_ghost_necromancy, serial_shops, shop,
          minmay_gold_behind_fungi, minivault_24
D:4:      layout_basic, grunt_temple_overflow_cloverleaf,
          minmay_temple_entry_mist, serial_co_window_serial, co_window_paths_b,
          co_window_paths_a, co_window_paths_a, co_window_paths_b,
          co_window_of_opportunity_a, co_window_corner_a,
          co_window_of_opportunity_a, co_window_unsneaky_path_b,
          co_window_broadway_b, co_window_unsneaky_path_b, co_window_paths_c,
          glass_columns_a, glass_columns_b
D:5:      layout_loops_cross, minmay_fractal_squares_gapless_5,
          uniq_prince_ribbit1
D:6:      layout_basic, nicolae_tso_besieged_by_evil, nicolae_underground_beach,
          uniq_maggie
D:7:      layout_basic, serial_shops, shop, dk_vineyard_1, nrook_mini_backslash,
          uniq_menkaure
D:8:      layout_loops_cross, nicolae_stop_n_shop_1
D:9:      layout_roguey

Skill      XL: |  1  2  3  4  5  6  7  8  9 10 |
---------------+-------------------------------+-----
Axes           | 5 6 8 9 11 12 | 12.2
Armour         | 2 3 4 5 |  5.8
Dodging        | 2 |  2.9
Fighting       | 4 5 |  5.8
Evocations     | 1 |  1.1
Stealth        | 1 |  1.0

Action                   |  1- 3 |  4- 6 |  7- 9 | 10-12 || total
-------------------------+-------+-------+-------+-------++-------
Melee: Hand axe          |    60 |       |       |       ||    60
       Tailslap          |    15 |     8 |    41 |     2 ||    66
       War axe           |    55 |    69 |   277 |    21 ||   422
Invok: Berserk           |     4 |     1 |     9 |     2 ||    16
       Trog's Hand       |       |       |     1 |       ||     1
 Abil: Rolling Charge    |       |       |     2 |       ||     2
Evoke: Wand              |       |       |    12 |     1 ||    13
  Use: Scroll            |     1 |     3 |     4 |     1 ||     9
Armor: Animal skin       |    28 |       |       |       ||    28
       Ring mail         |    19 |       |       |       ||    19
       Scale mail        |    12 |    50 |    60 |       ||   122
       Chain mail        |       |       |   135 |    23 ||   158
Dodge: Dodged            |    64 |    17 |   119 |     9 ||   209

Table legend: (Time is in decaauts)
 A = Elapsed time spent in this place.
 B = Non-inter-level travel time spent in this place.
 C = Inter-level travel time spent in this place.
 D = Time resting spent in this place.
 E = Time spent auto-exploring this place.
 F = Levels seen in this place.
 G = Mean time per level.
                   A        B        C        D        E       F      G
               +--------+--------+--------+--------+--------+-----+--------+
         Total |   9565 |   8934 |    631 |   1329 |   6338 |   9 | 1062.8 |
       Dungeon |   9565 |   8934 |    631 |   1329 |   6338 |   9 | 1062.8 |
               +--------+--------+--------+--------+--------+-----+--------+

Top non-repeatable levels by time:
     D:5: 1560 daAuts
     D:3: 1351 daAuts
     D:6: 1162 daAuts
     D:2: 1097 daAuts
     D:4: 1056 daAuts
     D:8: 994 daAuts
     D:7: 923 daAuts
     D:1: 881 daAuts
     D:9: 538 daAuts
